 Dungeon Crawl Stone Soup version 0.22.0-16-gc6d26f69f9 (webtiles) character file.

8624 Peloso the Carver (level 11, -1/95 HPs)
             Began as a Minotaur Fighter on Aug 18, 2018.
             Was an Elder of Okawaru.
             Hit by a silver tomahawk thrown by an orc warrior (14 damage)
             ... on level 10 of the Dungeon.
             The game lasted 00:27:35 (10683 turns).

Peloso the Carver (Minotaur Fighter)               Turns: 10683, Time: 00:27:36

Health: -1/95      AC: 16    Str: 22    XL:     11   Next: 12%
Magic:  10/10      EV:  9    Int:  5    God:    Okawaru [****..]
Gold:   86         SH: 13    Dex: 12    Spells: 10/10 levels left

rFire    + . .     SeeInvis .   a - +0 long sword
rCold    x . .     Gourm    .   c - +1 shield
rNeg     + . .     Faith    .   b - +0 chain mail
rPois    .         Spirit   .   (helmet restricted)
rElec    .         Reflect  .   B - +2 cloak
rCorr    .         Harm     .   (no gloves)
MR       .....                  r - +0 pair of boots
Stlth    ..........             (no amulet)
HPRegen  0.25/turn              q - ring of fire
MPRegen  0.12/turn              e - ring of positive energy

@: no status effects
A: retaliatory headbutt, horns 2
a: Heroism, Renounce Religion


You were on level 10 of the Dungeon.
You worshipped Okawaru.
Okawaru was greatly pleased with you.
You were not hungry.

You visited 2 branches of the dungeon, and saw 11 of its levels.
You also visited: Ossuary.

You collected 519 gold pieces.
You spent 433 gold pieces at shops.

Inventory:

Hand Weapons
 a - a +0 long sword (weapon)
 D - the +4 whip "Plog" {slash, rPois MP+9}
   (You found it on level 6 of the Dungeon)

   It inflicts extra damage upon your enemies.
   It protects you from poison.
   It affects your magic capacity (+9).
Armour
 b - a +0 chain mail (worn)
 c - a +1 shield (worn)
 r - a +0 pair of boots (worn)
 B - a +2 cloak (worn)
Jewellery
 e - a ring of positive energy (right hand)
 q - a ring of fire (left hand)
Wands
 n - a wand of random effects (19)
 w - a wand of enslavement (13)
 G - a wand of acid (5)
Scrolls
 g - 2 scrolls of remove curse
 i - 5 scrolls of enchant armour
 j - 2 scrolls of fear
 o - a scroll of teleportation
 p - 4 scrolls of blinking
 s - a scroll of random uselessness {unknown}
 u - 3 scrolls of amnesia {unknown}
 v - 4 scrolls of brand weapon {unknown}
 x - 3 scrolls of noise
 y - 3 scrolls of enchant weapon
 C - 4 scrolls of magic mapping
 H - a scroll of fog {unknown}
Potions
 d - 3 potions of might
 h - 2 potions of magic
 k - 6 potions of curing
 l - 2 potions of mutation
 m - a potion of heal wounds
 t - 2 potions of flight
 z - a potion of cancellation
 A - 2 potions of haste {unknown}
 F - a potion of invisibility
Comestibles
 f - 20 rations


   Skills:
 + Level 8.8 Fighting
 + Level 12.8 Long Blades
 + Level 9.1 Armour
 + Level 4.4 Dodging
 + Level 1.1 Stealth
 + Level 10.5 Shields
 + Level 0.5 Evocations


You had 10 spell levels left.
You didn't know any spells.
Your spell library contained the following spells:

 Spells                   Type           Power        Failure   Level  Hunger
 Fireball                 Conj/Fire      #.........   100%        5    ######.
 Conjure Flame            Conj/Fire      #.......     100%        3    ####...
 Bolt of Magma            Conj/Fire/Erth #.........   100%        5    ######.
 Throw Flame              Conj/Fire      #.....       100%        2    ###....
 Sticky Flame             Conj/Fire      #.......     100%        4    #####..
 Recall                   Summ/Tloc      N/A          100%        3    ####...
 Flame Tongue             Conj/Fire      #....        99%         1    ##.....
 Summon Butterflies       Summ           #.......     99%         1    ##.....
 Inner Flame              Hex/Fire       #.......     100%        3    ####...
 Summon Forest            Summ/Tloc      #.........   100%        5    ######.


Dungeon Overview and Level Annotations

Branches:
Dungeon (10/15)            Temple (1/1) D:7             Orc (0/2) D:10
   Lair: D:8-11

Altars:
Ashenzari
Cheibriados
Dithmenos
Fedhas
Gozag
Hepliaklqana
Makhleb
Okawaru
Qazlal
Ru
Sif Muna
Trog
Uskayaw
Vehumet
Wu Jian
Xom
Zin
The Shining One

Shops:
D:5 ?   D:9 [


Innate Abilities, Weirdness & Mutations

You reflexively headbutt those who attack you in melee.
You have a pair of horns on your head.


Message History

You see here a silver tomahawk.
The orc warrior throws a silver tomahawk.
You block the silver tomahawk.
You see here a silver tomahawk.
The orc warrior throws a silver tomahawk.
The silver tomahawk hits you.
* * * LOW HITPOINT WARNING * * *
You see here a silver tomahawk.
You feel better.
You see here a robe.
The orc warrior throws a silver tomahawk.
You block the silver tomahawk.
You see here a silver tomahawk.
A hungry ghost comes into view.
The quokka bites you.
* * * LOW HITPOINT WARNING * * *
Something hits you but does no damage.
The orc warrior throws a silver tomahawk.
The silver tomahawk hits you!
You die...

......................
.....##..###.# .....
#######..###.# ..... #
##......# ... .. # #......##
... ##. # ##.###..# #W# ..
#####..# #..### #.# .#
......####....####r########.#
...†............@{..........#
......####.##...##.....o...#
......# #.###..##.........#
###...# #.# #..###...(....###
#..### #)# ##..##.....[....##
#....###.# ##.###....####..#
##.......# #..#.....# ##(##
#.)#.########....##..# #..##
#..#.# #...[...###.# ##..#


You could see an orc warrior and a quokka.

Vanquished Creatures
  Erolcha (D:9)
  An unseen horror (D:10)
  Joseph (D:8)
  2 trolls
  2 hippogriffs
  A wyvern (D:10)
  A wraith (D:9)
  Eustachio (D:5)
  Menkaure (D:7)
  A hungry ghost (D:7)
  2 orc warriors
  3 ice beasts
  A black bear (D:7)
  3 sky beasts
  3 necrophages
  10 ogres
  5 centaurs
  2 elf zombies (Ossuary)
  A big kobold (D:8)
  2 gnoll sergeants
  2 bullfrogs
  2 scorpions
  9 killer bees
  4 wights (D:9)
  3 howler monkeys
  7 crimson imps
  2 bullfrog zombies
  2 centaur zombies (Ossuary)
  7 orc priests
  Crazy Yiuf (D:4)
  4 hounds
  8 orc wizards
  3 bullfrog skeletons
  3 centaur skeletons
  4 jellies
  Jessica (D:3)
  An iguana (D:5)
  Ijyb (D:3)
  7 worker ants
  A big kobold zombie (Ossuary)
  2 hound skeletons
  2 mummies (Ossuary)
  A worker ant zombie (D:7)
  Robin (D:3)
  15 adders
  14 gnolls
  2 shadow imps
  3 oozes
  2 adder skeletons (D:7)
  An adder zombie (D:6)
  9 worms
  3 dart slugs
  4 leopard geckos
  37 orcs
  2 ball pythons
  6 giant cockroaches
  12 goblins
  13 hobgoblins
  16 jackals
  3 quokkas
  5 bats
  4 frilled lizards
  3 goblin zombies (Ossuary)
  11 hobgoblin zombies (Ossuary)
  A jackal skeleton (D:4)
  A jackal zombie (Ossuary)
  12 kobolds
  7 kobold zombies (Ossuary)
  A leopard gecko zombie (D:5)
  7 orc zombies (Ossuary)
  10 rats
  2 rat zombies (Ossuary)
328 creatures vanquished.

Notes
Turn   | Place    | Note
-------+----------+-------------------------------------------
     0 | D:1      | Peloso the Minotaur Fighter began the quest for the Orb.
     0 | D:1      | Reached XP level 1. HP: 19/19 MP: 0/0
    31 | D:1      | Reached XP level 2. HP: 21/27 MP: 1/1
   268 | D:1      | Reached XP level 3. HP: 33/33 MP: 2/2
   850 | D:2      | Found an opulent altar of Gozag.
   927 | D:2      | You fall through a shaft!
   954 | D:3      | Noticed Ijyb
   968 | D:3      | Killed Ijyb
   968 | D:3      | Reached skill level 3 in Long Blades
   968 | D:3      | Reached XP level 4. HP: 34/40 MP: 3/3
  1025 | D:2      | Found a shattered altar of Ashenzari.
  1208 | D:2      | Found a radiant altar of Vehumet.
  1210 | D:2      | Reached skill level 4 in Long Blades
  1257 | D:2      | Found a burning altar of Makhleb.
  1429 | D:2      | Found an ornate altar of the Wu Jian Council.
  1674 | D:3      | Reached XP level 5. HP: 47/47 MP: 4/4
  2049 | D:3      | Noticed Jessica
  2060 | D:3      | Killed Jessica
  2060 | D:3      | Reached skill level 5 in Armour
  2351 | D:3      | Reached skill level 1 in Dodging
  2357 | D:3      | Reached XP level 6. HP: 55/55 MP: 5/5
  2401 | D:3      | Noticed Robin
  2411 | D:3      | Killed Robin
  2964 | D:4      | Reached skill level 5 in Long Blades
  3093 | D:4      | Found a runed door.
  3147 | D:4      | Found a hide-covered altar of Uskayaw.
  3238 | D:4      | Reached skill level 5 in Fighting
  3257 | D:4      | Reached skill level 5 in Shields
  3288 | D:4      | Reached XP level 7. HP: 61/61 MP: 6/6
  3443 | D:4      | Noticed Crazy Yiuf
  3451 | D:4      | Killed Crazy Yiuf
  3451 | D:4      | Reached skill level 6 in Long Blades
  3819 | D:5      | Entered Level 5 of the Dungeon
  4061 | D:4      | Reached skill level 7 in Long Blades
  4134 | D:4      | Reached XP level 8. HP: 27/70 MP: 7/7
  4498 | D:5      | Noticed Eustachio
  4518 | D:5      | Killed Eustachio
  4532 | D:5      | Reached skill level 8 in Long Blades
  4765 | D:5      | Found Rastiest's Magic Scroll Shoppe.
  4771 | D:5      | Bought a scroll of teleportation for 39 gold pieces
  4771 | D:5      | Bought a scroll of magic mapping for 45 gold pieces
  4771 | D:5      | Bought a scroll of blinking for 97 gold pieces
  4771 | D:5      | Bought a scroll of enchant weapon for 97 gold pieces
  4958 | D:5      | Found a glowing golden altar of the Shining One.
  4959 | D:5      | Found a sacrificial altar of Ru.
  5347 | D:6      | Reached skill level 9 in Long Blades
  5357 | D:6      | Found a shadowy altar of Dithmenos.
  5661 | D:6      | Reached XP level 9. HP: 71/75 MP: 8/8
  5667 | D:6      | Got a warped whip
  5668 | D:6      | Identified the +4 whip "Plog" {slash, rPois MP+9} (You found it on level 6 of the Dungeon)
  5734 | D:6      | Reached skill level 10 in Long Blades
  6395 | D:7      | Found a staircase to the Ecumenical Temple.
  6400 | Temple   | Entered the Ecumenical Temple
  6410 | Temple   | Became a worshipper of Warmaster Okawaru
  6596 | D:7      | Identified the Papyrus of Supportive Battle Magic
  6674 | D:7      | Noticed Menkaure
  6687 | D:7      | Killed Menkaure
  6687 | D:7      | Reached * piety under Okawaru
  6687 | D:7      | Reached skill level 11 in Long Blades
  7107 | D:5      | Bought a scroll of noise for 13 gold pieces
  7108 | D:5      | Bought a scroll of enchant armour for 97 gold pieces
  7171 | D:8      | Noticed Joseph
  7194 | D:8      | Killed Joseph
  7260 | D:8      | Found a sand-covered staircase.
  7299 | Ossuary  | Entered an ossuary
  7460 | Ossuary  | Reached XP level 10. HP: 69/86 MP: 9/9
  7665 | D:8      | Reached ** piety under Okawaru
  7871 | D:8      | Found a snail-covered altar of Cheibriados.
  7896 | D:8      | Reached skill level 12 in Long Blades
  8504 | D:5      | Found a blossoming altar of Fedhas.
  8633 | D:5      | Bought a scroll of magic mapping for 45 gold pieces
  8718 | D:9      | Found Burphag's Antique Armour Boutique.
  8863 | D:9      | Reached skill level 1 in Stealth
  9137 | D:9      | Found a hazy altar of Hepliaklqana.
  9186 | D:9      | Reached *** piety under Okawaru
  9215 | D:9      | Found a shimmering altar of Xom.
  9244 | D:9      | Noticed Erolcha
  9256 | D:9      | Killed Erolcha
  9256 | D:9      | Reached skill level 10 in Shields
  9744 | D:10     | Entered Level 10 of the Dungeon
 10529 | D:10     | Reached XP level 11. HP: 71/95 MP: 10/10
 10632 | D:10     | Killed an unseen horror
 10632 | D:10     | Reached **** piety under Okawaru
 10646 | D:10     | Found a staircase to the Orcish Mines.
 10669 | D:10     | HP: 4/95 [orc warrior/silver tomahawk (4)]
 10683 | D:10     | Hit by a silver tomahawk thrown by an orc warrior

Skill      XL: |  1  2  3  4  5  6  7  8  9 10 11 |
---------------+----------------------------------+-----
Shields        | 4 5 6 8 10 | 10.5
Armour         | 4 5 6 7 8 9 |  9.1
Fighting       | 4 5 6 7 8 |  8.8
Long Blades    | 3 4 5 7 9 11 12 | 12.8
Dodging        | 1 2 3 4 |  4.4
Stealth        | 1 |  1.1
Evocations     | |  0.5

Action                   |  1- 3 |  4- 6 |  7- 9 | 10-12 || total
-------------------------+-------+-------+-------+-------++-------
Melee: Long sword        |    89 |   224 |   432 |   357 ||  1102
       Headbutt          |    14 |    42 |   115 |    81 ||   252
Evoke: Wand              |       |       |    10 |     1 ||    11
  Use: Scroll            |       |       |    10 |     4 ||    14
       Potion            |       |       |     4 |     2 ||     6
  Eat: Chunk             |       |     8 |     8 |     8 ||    24
       Ration            |       |       |     2 |     1 ||     3
Armor: Scale mail        |    40 |    86 |       |       ||   126
       Chain mail        |       |    10 |   219 |   144 ||   373
Dodge: Dodged            |    17 |    78 |   123 |    91 ||   309
Block: Shield            |    49 |   112 |   267 |   260 ||   688
       Rpst.: Long sword |     7 |    20 |    31 |    16 ||    74
